[Event "Early-Titled-Tuesday-Blitz-April-02-2024"]
[Site "Chess.com"]
[Date "2024.04.02"]
[Round "1"]
[White "Onischuk_V"]
[Black "StankovicIvan"]
[Result "1-0"]
[WhiteElo "2819"]
[BlackElo "2490"]
[TimeControl "180+1"]
[EndTime "8:07:30 PDT"]
[Termination "Onischuk_V won by checkmate"]

1. e4 c5 2. Nf3 Nc6 3. Bb5 g6 4. Bxc6 bxc6 5. O-O Bg7 6. Re1 Nh6 7. c3 O-O 8. d4 cxd4 9. cxd4 f5 10. e5 c5 11. d5 Nf7 12. Nc3 e6 13. Be3 Qc7 14. Rc1 Nd8 15. Nb5 Qb6 16. Rxc5 Bb7 17. Nd6 Qa6 18.
Qd2 Bxd5 19. Ra5 Qc6 20. Rc1 Bxf3 21. Rxc6 Bxc6 22. f4 Nf7 23. Nxf7 Rxf7 24. Rxa7 Rxa7 25. Bxa7 g5 26. Bc5 Bd5 27. a4 gxf4 28. Qxf4 Bf8 29.
Bxf8 Kxf8 30. b4 Rg7 31. g3 Rg4 32. Qh6+ Kg8 33. Qd2 f4 34. b5 fxg3 35. hxg3 Rxg3+ 36. Kf1 Ra3 37. Qg5+ Kf7 38. Qf6+ Ke8 39. Qh8+ Ke7 40.
Qg7+ Ke8 41. Qg8+ Ke7 42. Qxh7+ Kd8 43. Qh4+ Kc7 44. Qb4 Rb3 45. Qd6+ Kc8 46. b6 Rc3 47. a5 Rc6 48. Qb4 Kb7 49. Kf2 Rc2+ 50. Kg3 Rc4 51. Qb5 Rc3+ 52. Kh4 Bc6 53. a6+ Kb8 54. Qb4 Re3 55.
Qf8# 1-0

[Event "Early-Titled-Tuesday-Blitz-April-02-2024"]
[Site "Chess.com"]
[Date "2024.04.02"]
[Round "1"]
[White "kleber2007"]
[Black "Byniolus"]
[Result "1/2-1/2"]
[WhiteElo "2459"]
[BlackElo "2750"]
[TimeControl "180+1"]
[EndTime "8:07:30 PDT"]
[Termination "Game drawn by repetition"]

1. Nf3 d5 2. g3 Nf6 3. Bg2 Bf5 4. c4 c6 5. O-O e6 6. cxd5 cxd5 7. Qb3 Qb6 8. Qxb6 axb6 9. d3 Nc6 10. Be3 Bc5 11.
Bxc5 bxc5 12. Rc1 b6 13. Nc3 Ke7 14. Nh4 Bg4 15. h3 Bh5 16. g4 Bg6 17. Nxg6+ hxg6 18. e3 g5 19. a3 Rac8 20. Na4 Nd7 21. Rab1 Ra8 22. Nc3 Rhc8 23. Ne2 b5 24. d4 c4 25. e4 dxe4 26. Bxe4 Nf6 27. Bg2 Kd6 28. b3 Nd5 29. bxc4 bxc4 30. Rxc4 Nce7 31. Rxc8 Rxc8 32. Rb2 Rc4 33.
Kh2 g6 34. Ng3 f5 35. Ne2 Nc6 36. Ra2 Ra4 37. Bxd5 exd5 38. Kg3 f4+ 39. Kh2 Na7 40.
Rb2 Rxa3 41. Rb6+ Nc6 42. Ng1 Ra2 43. Kg2 Kc7 44. Rb5 Kd6 45. Rb6 Kc7 46. Rb5 Kd6 47. Rb6 1/2-1/2

[Event "Early-Titled-Tuesday-Blitz-April-02-2024"]
[Site "Chess.com"]
[Date "2024.04.02"]
[Round "1"]
[White "tarno17"]
[Black "Nf3c5"]
[Result "0-1"]
[WhiteElo "2157"]
[BlackElo "2575"]
[TimeControl "180+1"]
[EndTime "8:07:31 PDT"]
[Termination "Nf3c5 won by resignation"]

1. e4 c5 2. Nf3 Nc6 3. Bb5 Na5 4.
a4 a6 5. Be2 Nf6 6. d3 Nc6 7.
O-O d6 8. Nc3 g6 9. h3 Bg7 10.
Nh2 O-O 11. f4 e6 12. Qe1 Rb8 13. g4 b5 14. axb5 axb5 15. Qg3 b4 16. Na4 c4 17. f5 exf5 18. gxf5 b3 19. Bf4 bxc2 20. Bxd6 cxd3 21. Bxd3 Nh5 22. Qg4 Qxd6 23. Bxc2 Ne5 24. Qe2 Ba6 25. Qf2 Bxf1 26. Rxf1 Rbd8 27. Kh1 Nd3 28.
Qe3 Ng3+ 29. Kg2 Nxf1 30. Kxf1 Nxb2 31. Ke2 Nxa4 32. Nf3 Qa6+ 33. Kf2 Nc3 34. Kg3 Qd6+ 35. Kg2 Nb5 36. Qg5 Nd4 37. Nh4 Qc5 38. f6 Qxc2+ 39.
Kg3 h6 40. Qe3 Ne2+ 41. Kf3 Rd3 42. fxg7 Rxe3+ 43. Kxe3 Kxg7 0-1

[Event "Early-Titled-Tuesday-Blitz-April-02-2024"]
[Site "Chess.com"]
[Date "2024.04.02"]
[Round "1"]
[White "ploxoi"]
[Black "Hongjin"]
[Result "0-1"]
[WhiteElo "2430"]
[BlackElo "2734"]
[TimeControl "180+1"]
[EndTime "8:07:32 PDT"]
[Termination "Hongjin won by resignation"]

1. d4 d6 2. Nf3 Nf6 3. c4 g6 4.
Nc3 Bf5 5. g3 Bg7 6. Bg2 O-O 7.
O-O Nc6 8. Nh4 Bd7 9. Nf3 a6 10.
h3 Rb8 11. a3 b5 12. cxb5 axb5 13. b4 Qc8 14. Kh2 Rd8 15. Qb3 e5 16. d5 Ne7 17.
e4 Rf8 18. Ne1 Nh5 19. Nd3 f5 20. Bg5 Qd8 21. Bf3 Nf6 22. Rac1 h6 23. Bd2 g5 24. Rc2 Ng6 25. exf5 Bxf5 26. Be2 e4 27. Ne1 e3 28. Bxe3 Bxc2 29. Nxc2 Nd7 30. Nd4 Bxd4 31. Bxd4 Nde5 32. Ne4 Qd7 33. Bh5 Qf5 34. Qc2 Rbe8 35. f3 Re7 36. Kg2 Qf7 37. Qe2 Kh7 38. Qxb5 Nh4+ 39.
gxh4 Qxh5 40. hxg5 hxg5 41. Ng3 Qg6 42. Qe2 Nc6 43. Qd2 Nxd4 44. Qxd4 Rf4 45. Qc3 Qf6 46.
Rf2 Qxc3 0-1

[Event "Early-Titled-Tuesday-Blitz-April-02-2024"]
[Site "Chess.com"]
[Date "2024.04.02"]
[Round "1"]
[White "Manukyan_Artak"]
[Black "FLYD"]
[Result "1/2-1/2"]
[WhiteElo "2546"]
[BlackElo "1910"]
[TimeControl "180+1"]
[EndTime "8:07:32 PDT"]
[Termination "Game drawn by agreement"]

1. e4 c5 2. Nf3 Nc6 3. c3 d5 4.
exd5 Qxd5 5. d4 e5 6. dxe5 Qxd1+ 7. Kxd1 Bg4 8. Bf4 O-O-O+ 9. Nd2 Nge7 10. Kc1 Ng6 11.
Bg3 h5 12. h3 Bf5 13. Bb5 Nce7 14. Ng5 a6 15. Bc4 b5 16. Bxf7 Nc6 17. f4 Be7 18. Be6+ Bxe6 19. Nxe6 Rd3 20. Bf2 h4 21. Ne4 c4 22. a4 b4 23. Rd1 bxc3 24. bxc3 Na5 25. Rxd3 cxd3 26. Rb1 Nc4 27. Bc5 Bxc5 28. N4xc5 a5 29.
Rb7 d2+ 30. Kd1 Re8 31. Rc7+ Kb8 32. Na6+ Ka8 33. Rxc4 Ka7 34. Nac7 Rh8 35. Rc5 Nxf4 36. Nxf4 g5 37. Nfe6 g4 38. hxg4 h3 39. gxh3 Rxh3 40. Kxd2 Kb6 41. Rb5+ Ka7 42. Rxa5+ Kb7 43. Rb5+ Ka7 44.
g5 Rd3+ 45. Kc2 Rxc3+ 46. Kb2 Rb3+ 47. Ka1 Rb1+ 48. Ka2 Rb2+ 49. Ka3 Rb3+ 50. Ka2 Rb2+ 51. Ka1 Rb1+ 1/2-1/2

[Event "Early-Titled-Tuesday-Blitz-April-02-2024"]
[Site "Chess.com"]
[Date "2024.04.02"]
[Round "1"]
[White "vladoboch"]
[Black "XDPS"]
[Result "0-1"]
[WhiteElo "2521"]
[BlackElo "2916"]
[TimeControl "180+1"]
[EndTime "8:07:33 PDT"]
[Termination "XDPS won by resignation"]

1. e4 c5 2. Nf3 e6 3. g3 Nc6 4.
Bg2 Nf6 5. d3 d6 6. O-O Be7 7.
Nbd2 O-O 8. Re1 Rb8 9. c3 b5 10.
h3 b4 11. d4 bxc3 12. bxc3 cxd4 13. cxd4 Nb4 14. Nb3 Ba6 15. Bf1 Bxf1 16. Kxf1 d5 17. e5 Ne4 18. Ba3 Qd7 19. Bxb4 Bxb4 20. Re3 Rfc8 21.
Nfd2 Nxd2+ 22. Nxd2 Bc3 23. Rc1 Bxd4 24. Rxc8+ Rxc8 25. Rb3 Bxe5 26. Kg2 Bd4 27. Qb1 Bb6 28. Nf3 h6 29.
Qb2 d4 30. Rd3 Qd5 31. Qb3 Qxb3 32. axb3 Rc3 33. Rd2 Rxb3 34. Nxd4 Bxd4 35. Rxd4 Ra3 36. Rd8+ Kh7 37. Rd7 Kg6 38. h4 h5 39. Kf1 Ra2 40.
Kg2 a5 41. Kf3 a4 42. Ra7 a3 43. Ke3 Ra1 44. Kf4 f6 45. Kf3 e5 46. Kg2 e4 47.
Kh2 a2 48. Kg2 Kf5 49. Kh2 Ke5 50. Kg2 Kd4 51. Rd7+ Kc3 52. Rc7+ Kd3 53. Rd7+ Ke2 54. Ra7 g5 55. hxg5 fxg5 56. Ra4 Kd2 57. Ra7 h4 58. gxh4 gxh4 59. Rd7+ Ke2 60. Ra7 h3+ 61. Kh2 Kxf2 62.
Kxh3 Rh1+ 0-1

[Event "Early-Titled-Tuesday-Blitz-April-02-2024"]
[Site "Chess.com"]
[Date "2024.04.02"]
[Round "1"]
[White "Quattroporte300"]
[Black "RobertoJBM"]
[Result "1-0"]
[WhiteElo "2501"]
[BlackElo "2796"]
[TimeControl "180+1"]
[EndTime "8:07:33 PDT"]
[Termination "Quattroporte300 won on time"]

1. e4 c6 2. d4 d5 3. exd5 cxd5 4. Bd3 Nc6 5. c3 g6 6. Bf4 Bf5 7. Bxf5 gxf5 8. Nd2 Nf6 9. Qf3 e6 10. h3 Rg8 11.
Ne2 Ne4 12. O-O-O Bd6 13. g4 Bxf4 14. Qxf4 Qg5 15. Qxg5 Rxg5 16. f4 Rg8 17. Nxe4 fxe4 18. g5 f6 19. h4 Kf7 20. Kd2 Ne7 21. Rdg1 Rg7 22. Ng3 Rg6 23. Nf1 Nf5 24. Ne3 Nxe3 25.
Kxe3 Rag8 26. a4 h6 27. h5 R6g7 28. g6+ Ke7 29. a5 Rc8 30. Ra1 f5 31. Ra4 Kf6 32.
Rb4 Rc6 33. Ra1 Rd7 34. Ra3 Rcc7 35. Rab3 Ke7 36. Rb5 Kd6 37. Ra3 Rg7 38. Ra1 Kd7 39. a6 Kc8 40. axb7+ Rxb7 41. Rc5+ Rgc7 42. g7 1-0

[Event "Early-Titled-Tuesday-Blitz-April-02-2024"]
[Site "Chess.com"]
[Date "2024.04.02"]
[Round "1"]
[White "Balla_Tamas"]
[Black "Batica1984"]
[Result "0-1"]
[WhiteElo "2459"]
[BlackElo "2781"]
[TimeControl "180+1"]
[EndTime "8:07:33 PDT"]
[Termination "Batica1984 won by resignation"]

1. Nf3 c5 2. b3 Nf6 3. Bb2 e6 4.
e3 Nc6 5. c4 Be7 6. Be2 O-O 7.
O-O d5 8. cxd5 exd5 9. d4 Bg4 10.
dxc5 Bxc5 11. Nc3 Re8 12. Na4 Bd6 13. h3 Bxf3 14. Bxf3 Be5 15. Bxe5 Rxe5 16. Rc1 Qe7 17.
Nc5 Rd8 18. Nd3 Re6 19. Nf4 Re5 20. Nd3 Re6 21. Nf4 Red6 22. Re1 g6 23. Qc2 Ne5 24. Be2 d4 25. exd4 Rxd4 26. Nd3 Re4 27. Nxe5 Qxe5 28. Qc7 Rd2 29. Qxe5 Rxe5 30. Bf3 Rxe1+ 31. Rxe1 b6 32. Be2 Rxa2 33. Bc4 Kf8 34. Re3 Rd2 35. g4 g5 36. Re5 h6 37. Kg2 Rd4 38. Rf5 Kg7 39. Re5 Kf8 40. Rf5 Rd6 41. Re5 Nd7 42. Rf5 f6 43. Rf3 Ne5 44. Rc3 Rc6 45. Kg3 b5 46. f4 gxf4+ 47. Kxf4 bxc4 48. Kf5 Ke7 49. bxc4 Rxc4 50.
Ra3 Rc7 51. Ra6 Nd7 52. h4 Kf7 53. g5 hxg5 54. hxg5 fxg5 55. Kxg5 Ke7 56. Kf5 Kd8 57. Ke4 Nc5+ 0-1

[Event "Early-Titled-Tuesday-Blitz-April-02-2024"]
[Site "Chess.com"]
[Date "2024.04.02"]
[Round "1"]
[White "Aradhya2000"]
[Black "Al_Shima"]
[Result "1-0"]
[WhiteElo "2751"]
[BlackElo "2443"]
[TimeControl "180+1"]
[EndTime "8:07:33 PDT"]
[Termination "Aradhya2000 won by resignation"]

1. d4 Nf6 2. c4 e6 3. Nf3 d5 4. Nc3 Bb4 5. Qb3 a5 6. Bg5 c6 7. e3 h6 8. Bh4 Be7 9. a3 b6 10. cxd5 exd5 11. Bd3 O-O 12. O-O Ba6 13. Bxa6 Rxa6 14. Rac1 Nbd7 15. Rc2 Re8 16. Ne2 b5 17. Rfc1 Qa8 18. h3 Ne4 19. Bxe7 Rxe7 20. Nf4 Re8 21. a4 b4 22. Nd3 f6 23. Nd2 Nxd2 24. Rxd2 Kh8 25.
Rdc2 Qb7 26. Nf4 Rb6 27. Qd3 Nf8 28. b3 Qd7 29. Rc5 Ne6 30. Nxe6 Qxe6 31. Rxa5 f5 32. Rac5 f4 33. exf4 Rf8 34. a5 Rbb8 35. Rxc6 Qf7 36. g3 Qd7 37. Kg2 Qf7 38. Qg6 Qe7 39. Rc7 Qe4+ 40. Qxe4 dxe4 41. a6 Ra8 42. a7 Kg8 43.
Re7 Rfc8 44. Rxc8+ 1-0

[Event "Early-Titled-Tuesday-Blitz-April-02-2024"]
[Site "Chess.com"]
[Date "2024.04.02"]
[Round "1"]
[White "ragnaroek66"]
[Black "MetiForce"]
[Result "0-1"]
[WhiteElo "2503"]
[BlackElo "2869"]
[TimeControl "180+1"]
[EndTime "8:07:34 PDT"]
[Termination "MetiForce won by resignation"]

1. d4 d5 2. c4 e6 3. Nf3 Nf6 4. g3 dxc4 5. Bg2 Nc6 6. O-O Rb8 7. Qc2 b5 8. b3 Ba6 9. bxc4 bxc4 10. Rd1 Nb4 11. Qd2 Be7 12. Nc3 Nbd5 13. Ne5 Rb6 14. Na4 c3 15. Qg5 O-O 16. Nxb6 cxb6 17. Qh4 Bxe2 18. Re1 Bb5 19. Bg5 h6 20. Bxf6 Bxf6 21. Qe4 Qc7 22. Rac1 Rc8 23. Nd3 Bxd3 24. Qxd3 Qc4 25.
Qc2 Bxd4 26. Red1 e5 27. Bxd5 Qxd5 28. Qd3 Qxa2 29. Rc2 Qe6 30. Ra1 a5 31. Re1 Qf6 32. Kg2 g6 33. f3 h5 34. h4 Kg7 35. Rb1 Qc6 36. Rb5 Qc4 37. Qxc4 Rxc4 38. Kf1 Rb4 39. Rd5 Rb2 40. Rxb2 cxb2 41. Rb5 a4 42. Ke2 a3 43.
Kd3 a2 0-1

[Event "Early-Titled-Tuesday-Blitz-April-02-2024"]
[Site "Chess.com"]
[Date "2024.04.02"]
[Round "1"]
[White "Elprofessor21"]
[Black "diamonds13"]
[Result "1-0"]
[WhiteElo "2668"]
[BlackElo "2369"]
[TimeControl "180+1"]
[EndTime "8:07:36 PDT"]
[Termination "Elprofessor21 won by resignation"]

1. f4 d5 2. Nf3 c5 3. e3 Nc6 4. Bb5 Bd7 5. O-O g6 6. Nc3 Nf6 7. d3 Bg7 8. Qe2 a6 9. Bxc6 Bxc6 10. Ne5 Qc7 11. Nxc6 Qxc6 12. e4 d4 13. Nd1 Nd7 14.
Nf2 h5 15. e5 f6 16. exf6 Nxf6 17. Bd2 Nd5 18. Rae1 O-O-O 19. Qe6+ Qxe6 20. Rxe6 Rd6 21. Rfe1 Kd7 22. R6e2 Rb6 23. Bc1 Rc8 24. Ne4 c4 25. dxc4 Rxc4 26. Rd1 Rbc6 27. c3 e6 28. Bd2 Ra4 29.
a3 Ke7 30. Rde1 d3 31. Rf2 Nb6 32. Bc1 Ra5 33. b3 Bxc3 34. Nxc3 Rxc3 35. Bd2 Rac5 36. Bxc3 Rxc3 37. Rd2 Nd5 38. g3 Rxb3 39. a4 b5 40.
axb5 axb5 41. Red1 Nb4 42. Kf2 Kd6 43. Ke3 Kd5 44. Rc1 Nc2+ 45. Rcxc2 1-0

[Event "Early-Titled-Tuesday-Blitz-April-02-2024"]
[Site "Chess.com"]
[Date "2024.04.02"]
[Round "1"]
[White "IriBu"]
[Black "aljado"]
[Result "1-0"]
[WhiteElo "2572"]
[BlackElo "2143"]
[TimeControl "180+1"]
[EndTime "8:07:38 PDT"]
[Termination "IriBu won by resignation"]

1. e4 c5 2. Be2 e6 3. f4 d5 4. d3 Nc6 5. Nf3 Nf6 6. e5 Nd7 7. c3 d4 8. O-O Be7 9. Nbd2 b5 10. cxd4 cxd4 11. Ne4 Bb7 12. Bd2 Nb6 13. Qe1 Nd5 14.
Qf2 Qb6 15. Rac1 Rc8 16. Nd6+ Bxd6 17. exd6 Ne3 18. Rfe1 Rd8 19. Ne5 Rxd6 20. Nxc6 Bxc6 21. Bf3 Bxf3 22. Rc8+ Rd8 23. Rxd8+ Qxd8 24. Bxe3 Bb7 25. Bxd4 Qd5 26. Bxa7 O-O 27. Bc5 Rc8 28. d4 Qxa2 29.
h4 Qd5 30. Re5 Qc6 31. f5 exf5 32. Rxf5 Qe6 33. b4 Ra8 34. Re5 Qg6 35. Kh2 h5 36. d5 Rd8 37. Qf3 f6 38. Re2 Rxd5 39. Qf4 Rd7 40. Bf2 Rf7 41. Bg3 Kh7 42. Rd2 Re7 43. Rf2 Rf7 44. Qf5 Qxf5 45. Rxf5 Re7 46.
Rxh5+ Kg6 47. Rxb5 Bd5 48. Rxd5 1-0

[Event "Early-Titled-Tuesday-Blitz-April-02-2024"]
[Site "Chess.com"]
[Date "2024.04.02"]
[Round "1"]
[White "profedechess93"]
[Black "Tol_Tol"]
[Result "1-0"]
[WhiteElo "2635"]
[BlackElo "2322"]
[TimeControl "180+1"]
[EndTime "8:07:39 PDT"]
[Termination "profedechess93 won on time"]

1. e4 c5 2. Nf3 Nc6 3. Bb5 e6 4. c3 Nge7 5. d4 cxd4 6. cxd4 a6 7. Bd3 b5 8. Nc3 Bb7 9. O-O Ng6 10. Qe2 Qc7 11. e5 Nb4 12. Be4 Bxe4 13. Nxe4 d5 14. exd6 Bxd6 15. Bd2 Nd5 16. Rac1 Qd7 17. Nc5 Ngf4 18.
Qe4 Qe7 19. Ne5 f5 20. Qf3 Bxe5 21. dxe5 Ng6 22. Rfe1 O-O 23. b4 Rfd8 24. a3 Nb6 25. Bc3 Nc4 26. Ba1 Rd5 27. a4 Ngxe5 28. Bxe5 Nxe5 29.
Rxe5 Rad8 30. Rxd5 Rxd5 31. axb5 axb5 32. Na6 Qd6 33. Nc5 h6 34. g3 Kh7 35. Re1 Re5 36.
Rxe5 Qxe5 37. Qe3 Qa1+ 38. Kg2 e5 39. Qd3 e4 40. Qd5 Qf6 41. Ne6 1-0

[Event "Early-Titled-Tuesday-Blitz-April-02-2024"]
[Site "Chess.com"]
[Date "2024.04.02"]
[Round "1"]
[White "PolandHussars"]
[Black "pfalcon1949"]
[Result "1-0"]
[WhiteElo "2558"]
[BlackElo "1948"]
[TimeControl "180+1"]
[EndTime "8:07:39 PDT"]
[Termination "PolandHussars won on time"]

1. e4 e6 2. d4 d5 3. Nc3 Bb4 4.
e5 Ne7 5. Bd2 b6 6. a3 Bxc3 7.
bxc3 Qd7 8. Qg4 Ng6 9. h4 h5 10. Qg3 Ba6 11. Nf3 Bxf1 12. Kxf1 Nc6 13. Bg5 Nce7 14.
Nd2 Nf5 15. Qf3 c5 16. Qd3 Rc8 17. Rh3 cxd4 18. cxd4 Qc6 19. c3 Qa4 20. Kg1 Rc7 21. f3 Kd7 22. g4 Nfe7 23. Bxe7 Kxe7 24. Qe3 Qc2 25. Qg5+ Kd7 26. gxh5 Qxc3 27. Re1 Qxd4+ 28. Kh1 Qf2 29. Rf1 Qe2 30. hxg6 fxg6 31. Rh2 Qd3 32. Rg1 Rc2 33. Qxg6 Rxd2 34. Qxg7+ Kc6 35. Qg3 Rd1 36.
Rg2 Rxg1+ 37. Rxg1 Qf5 38. f4 Rh5 39. Kh2 Rh7 40.
Qg4 Qc2+ 41. Rg2 Qe4 42. Qxe6+ Kb7 43. Qg4 Ka6 44. e6 Qe3 45. f5 Qd3 46. Qa4+ 1-0

[Event "Early-Titled-Tuesday-Blitz-April-02-2024"]
[Site "Chess.com"]
[Date "2024.04.02"]
[Round "1"]
[White "Robert_Chessmood"]
[Black "Schattman"]
[Result "1-0"]
[WhiteElo "2970"]
[BlackElo "2531"]
[TimeControl "180+1"]
[EndTime "8:07:41 PDT"]
[Termination "Robert_Chessmood won on time"]

1. d4 Nf6 2. c4 g6 3. Nc3 d5 4. cxd5 Nxd5 5. g3 Nxc3 6. bxc3 c5 7. Nf3 Bg7 8. Bg2 cxd4 9. Nxd4 O-O 10. O-O a6 11. Be3 Qc7 12. Qb3 Nd7 13. Rfd1 Nc5 14. Qb4 Ne6 15. Rab1 Nxd4 16. Bxd4 Bf5 17. Qxb7 Qc4 18.
Rb2 Bxd4 19. cxd4 Rab8 20. Qxb8 Rxb8 21. Rxb8+ Kg7 22. e4 Bg4 23. f3 Bd7 24. Rb2 Ba4 25. Rdd2 h5 26. h4 Qc3 27. d5 Qe3+ 28. Kh2 g5 29.
Re2 Qc1 30. hxg5 Qxg5 31. Bh3 h4 32. gxh4 Qxh4 33. Rg2+ Kh6 34. Rg4 Qe1 35. Rbg2 Bd1 36. R4g3 Qe3 37. Bg4 Qf4 38. Kg1 Qe3+ 39. Rf2 Qe1+ 40.
Kg2 Qe3 41. Rh3+ Kg5 42. Rh5+ 1-0

[Event "Early-Titled-Tuesday-Blitz-April-02-2024"]
[Site "Chess.com"]
[Date "2024.04.02"]
[Round "1"]
[White "nikitakhoroshev"]
[Black "kereswasbest"]
[Result "1/2-1/2"]
[WhiteElo "2601"]
[BlackElo "2267"]
[TimeControl "180+1"]
[EndTime "8:07:41 PDT"]
[Termination "Game drawn by agreement"]

1. e4 c5 2. Nc3 Nc6 3. f4 g6 4. Nf3 Bg7 5. a4 d6 6. Bb5 Bd7 7.
d3 Nf6 8. O-O a6 9. Bxc6 Bxc6 10.
e5 Nd5 11. Ne4 O-O 12. Qe1 b5 13. a5 Nb4 14. Qf2 dxe5 15. Nxe5 Bxe4 16. dxe4 Bxe5 17. fxe5 Qd4 18. Be3 Qxe4 19. Bxc5 Nxc2 20. Rac1 Nb4 21. Bxe7 Nd3 22. Qc2 Qe3+ 23. Kh1 Nxc1 24. Bxf8 Rxf8 25. Qxc1 Qxe5 26. b4 Re8 27. Qc6 Qe1 28. Kg1 Qe3+ 29. Kh1 Qe6 30. Qf3 Rc8 31. Qb7 h5 32. Qb6 Qxb6 33.
axb6 Rc6 34. b7 Rb6 35. Rc1 Rxb7 36. Rc6 Ra7 37. Rc5 a5 38. bxa5 Rxa5 39. Kg1 Ra1+ 40. Kf2 Rb1 41. Rc8+ Kg7 42. Rb8 b4 43. Kf3 b3 44.
Kg3 b2 45. Rb6 g5 46. h3 h4+ 47. Kg4 Rg1 48. Rxb2 Kg6 49. Rb6+ f6 50. Kf3 Rf1+ 51. Ke2 Rf4 52. Rb5 Rf5 53. Rb4 Rf4 54. Rb5 g4 55. hxg4 Rxg4 56. Kf3 Rg3+ 57. Kf2 f5 58. Rb4 Kg5 59.
Rb5 1/2-1/2

[Event "Early-Titled-Tuesday-Blitz-April-02-2024"]
[Site "Chess.com"]
[Date "2024.04.02"]
[Round "1"]
[White "scarabee43"]
[Black "Kotofeyca"]
[Result "1/2-1/2"]
[WhiteElo "2817"]
[BlackElo "2499"]
[TimeControl "180+1"]
[EndTime "8:07:43 PDT"]
[Termination "Game drawn by repetition"]

1. Nf3 d5 2. e3 c6 3. c4 Nf6 4.
b3 Bg4 5. Bb2 Nbd7 6. Be2 e6 7.
Nc3 Bd6 8. O-O Qe7 9. d4 Ba3 10. Qd2 Bxb2 11. Qxb2 O-O 12. Rac1 h6 13. Rfd1 a6 14. h3 Bf5 15. b4 Ne4 16. Nxe4 Bxe4 17. Nd2 Bg6 18. Nb3 Rfc8 19. Na5 b5 20. c5 e5 21. Nb7 exd4 22. exd4 Nf6 23. Nd6 Rcb8 24. Bf3 Ne8 25. Re1 Qd7 26. Bg4 Qc7 27. Nf5 Bxf5 28.
Bxf5 Nf6 29. Re5 a5 30. a3 axb4 31. axb4 Re8 32. Rce1 Rad8 33. Qe2 Kf8 34. f4 Qb8 35. g4 g6 36. Bd3 Nd7 37. Re7 Nf6 38. f5 Ne4 39.
Rxe8+ Rxe8 40. Qf3 gxf5 41. gxf5 Qg3+ 42. Qxg3 Nxg3 43.
Rxe8+ Kxe8 44. Kf2 Nh5 45. Kf3 Nf6 46. Kf4 Ke7 47.
Be2 Kd7 48. Ke5 Ke7 49. Bg4 Nd7+ 50. Kf4 Nf6 51. Bf3 Kd7 52. Kg3 Ke7 53. Kf4 Nd7 54.
Bh5 Nf6 55. Bf3 1/2-1/2

[Event "Early-Titled-Tuesday-Blitz-April-02-2024"]
[Site "Chess.com"]
[Date "2024.04.02"]
[Round "1"]
[White "The_Sherman_Variation"]
[Black "WiktoriaPOL"]
[Result "0-1"]
[WhiteElo "2604"]
[BlackElo "2316"]
[TimeControl "180+1"]
[EndTime "8:07:43 PDT"]
[Termination "WiktoriaPOL won by checkmate"]

1. Nf3 Nf6 2. b3 g6 3. Bb2 Bg7 4. g3 O-O 5. Bg2 d6 6. O-O e5 7.
c4 Be6 8. Nc3 h6 9. d4 Nbd7 10. e3 c6 11. Qc2 Qc7 12. Rfd1 Rfe8 13. h3 e4 14. Nh2 d5 15. cxd5 cxd5 16. Rac1 Qa5 17. g4 b5 18. Nf1 Rac8 19. Qe2 a6 20. Ng3 Rc7 21. b4 Qb6 22. a3 Qd6 23. Nb1 Nb6 24. Nd2 Rec8 25. Nb3 Nc4 26. Nc5 Qb6 27.
Rc2 a5 28. Rdc1 axb4 29. axb4 Ra7 30. f3 exf3 31. Bxf3 Ra2 32. Bc3 Rxc2 33. Rxc2 Ra8 34. Kg2 Ra3 35. e4 dxe4 36. Ngxe4 Nd5 37. Bd2 Bxd4 38.
Rxc4 bxc4 39. Bxh6 Qa7 40. Kg3 Be5+ 41. Kg2 Ra2 42.
Nd2 Bg7 43. Bxg7 Nf4+ 44. Kg3 Nxe2+ 45. Bxe2 Kxg7 46. Nce4 Qc7+ 47. Kf3 c3 48. Nb1 c2 49. Nbc3 c1=Q 50. Kf2 Q1xc3 51. Nxc3 Qxc3 52. Kf1 Qc1+ 53. Kf2 Qd2 54. Kf3 Qxe2+ 55. Kg3 Qf2# 0-1

[Event "Early-Titled-Tuesday-Blitz-April-02-2024"]
[Site "Chess.com"]
[Date "2024.04.02"]
[Round "1"]
[White "cakeuvdort"]
[Black "Staudenhocker43"]
[Result "1-0"]
[WhiteElo "2306"]
[BlackElo "2596"]
[TimeControl "180+1"]
[EndTime "8:07:43 PDT"]
[Termination "cakeuvdort won by resignation"]

1. Nf3 Nf6 2. e3 g6 3. b3 Bg7 4. Bb2 O-O 5. d4 c5 6. dxc5 Qa5+ 7. c3 Na6 8. b4 Qc7 9. Bxa6 bxa6 10. O-O a5 11. Nbd2 Bb7 12. Nd4 Nd5 13. a3 Ba6 14. c4 axb4 15. cxd5 Bxf1 16. Qxf1 Qxc5 17. Qc1 Qxd5 18.
axb4 Rfc8 19. Qb1 Qb7 20. b5 a6 21. bxa6 Rxa6 22. Rxa6 Qxa6 23. g3 Qb7 24. Qa1 d6 25. Nf1 Ra8 26. Qc1 Ra2 27. Bc3 h5 28. h4 e5 29. Nc2 Qe4 30. Nb4 Ra8 31. Qd2 Rc8 32. Nd5 Kh7 33. Bb4 Rb8 34. Bxd6 Rd8 35. Nc3 Qc6 36.
e4 Rxd6 37. Nd5 Qd7 38. Nfe3 Qe6 39. Qd3 Bh6 40. Kg2 Kg7 41. Qc4 Bxe3 42. Nxe3 Qxc4 43.
Nxc4 Kf6 44. Nxd6 Ke6 45. Nc4 1-0

[Event "Early-Titled-Tuesday-Blitz-April-02-2024"]
[Site "Chess.com"]
[Date "2024.04.02"]
[Round "1"]
[White "AlexandraSamaganova"]
[Black "KarolKacprzak"]
[Result "0-1"]
[WhiteElo "2431"]
[BlackElo "2742"]
[TimeControl "180+1"]
[EndTime "8:07:44 PDT"]
[Termination "KarolKacprzak won on time"]

1. c4 e6 2. Nc3 d5 3. e3 Nf6 4. Nf3 Bd6 5. d4 b6 6. cxd5 exd5 7. Bd3 O-O 8. O-O a6 9. h3 Bb7 10. Re1 Re8 11. Qc2 Nbd7 12. e4 dxe4 13. Nxe4 Nxe4 14. Bxe4 Bxe4 15. Rxe4 Nf6 16. Rxe8+ Qxe8 17. Bg5 Qe4 18. Qc4 Qd5 19. Qxd5 Nxd5 20. Re1 f6 21. Bd2 Kf7 22. Kf1 a5 23. a3 a4 24. Re4 b5 25. Ke2 f5 26.
Rh4 h6 27. g4 Re8+ 28. Kd1 f4 29. g5 hxg5 30. Nxg5+ Kg6 31. Rg4 Nf6 32. Rg1 Kf5 33. Nf3 Rh8 34. Rxg7 Rxh3 35. Ke2 Rh5 36. Ba5 Nd5 37. Kd3 Rh3 38. Ke2 Rh1 39. Rg5+ Ke6 40.
Rg6+ Kd7 41. Kd2 Rf1 42. Rg2 Rb1 43. Kc2 Rf1 44. Ne5+ Ke6 45. Rg6+ Kf5 46. Rg2 Bxe5 47. dxe5 f3 48. Rh2 Kxe5 0-1

[Event "Early-Titled-Tuesday-Blitz-April-02-2024"]
[Site "Chess.com"]
[Date "2024.04.02"]
[Round "1"]
[White "leschebaza"]
[Black "kachsona"]
[Result "1-0"]
[WhiteElo "2316"]
[BlackElo "2606"]
[TimeControl "180+1"]
[EndTime "8:07:45 PDT"]
[Termination "leschebaza won on time"]

1. Nf3 d5 2. c4 d4 3. d3 Nc6 4. g3 e5 5. Bg2 Bb4+ 6. Nbd2 a5 7. O-O Nf6 8. a3 Bd6 9. b3 O-O 10. Bb2 Re8 11. Rc1 Qe7 12. Ra1 h6 13.
Qc2 Bf5 14. Rfc1 Bc5 15. Ne4 Nxe4 16. dxe4 Bh7 17. Ne1 Rf8 18. Nd3 f5 19. Nxc5 Qxc5 20. Qd3 Ne7 21. Rf1 Rad8 22. Bc1 Nc8 23. Bd2 Nd6 24.
f3 b6 25. exf5 Nxf5 26. b4 Qe7 27. Qb3 axb4 28. axb4 Qf7 29. Rfc1 Nd6 30. e4 b5 31. Ra5 Nxc4 32. Ra2 Kh8 33. Qd3 Bg8 34. Ra7 Ra8 35. Rca1 Rxa7 36. Rxa7 Nxd2 37. Qxd2 Qc4 38. Bf1 Qb3 39.
Rxc7 Qxf3 40. Bg2 Qb3 41. h4 Bc4 42. Kh2 Qe3 43. Qd1 Rf2 44. Qg4 1-0

[Event "Early-Titled-Tuesday-Blitz-April-02-2024"]
[Site "Chess.com"]
[Date "2024.04.02"]
[Round "1"]
[White "ViIIagra"]
[Black "RealPerangel"]
[Result "1/2-1/2"]
[WhiteElo "2894"]
[BlackElo "2520"]
[TimeControl "180+1"]
[EndTime "8:07:46 PDT"]
[Termination "Game drawn by repetition"]

1. d4 c5 2. c3 Nf6 3. Nf3 cxd4 4. cxd4 d5 5. Nc3 Nc6 6. Bf4 Bf5 7. e3 e6 8. Qb3 Bb4 9. Bb5 O-O 10. Bxc6 Bxc3+ 11.
Qxc3 Rc8 12. Ne5 bxc6 13. Rc1 c5 14. dxc5 Ne4 15. Qa3 f6 16. Nf3 e5 17. Bg3 Qe7 18. b4 a5 19. O-O axb4 20. Qxb4 Rxc5 21. Nd2 Rc7 22. Qxe7 Rxe7 23. Nxe4 Bxe4 24. f3 Bd3 25. Rfd1 Bc4 26. Be1 Rb7 27. a3 Kf7 28. Bb4 Ra8 29. e4 Ke6 30. Kf2 Rd7 31. h3 h5 32. exd5+ Bxd5 33.
Rc5 Ra6 34. Rdc1 h4 35. Rc8 Ra8 36. Rxa8 Bxa8 37. Rc8 Bd5 38. Rc2 Rb7 39. Rb2 Bc6 40. Rc2 Bd5 41. Re2 g5 42. Rc2 Ra7 43. Ke3 Rb7 44.
Rc5 Ra7 45. Rb5 Rc7 46. Rb6+ Kf5 47. Rd6 Be6 48. Rd2 Rc4 49. Be7 Rc7 50. Bb4 Rc4 51. Kf2 Kg6 52. Rb2 Bd7 53. Rd2 Be6 54. Rb2 Bd7 55.
Rd2 Be6 1/2-1/2